 Dungeon Crawl Stone Soup version 0.30-a0-1006-g5d778dfbfc (webtiles) character file.

Game seed: 3703188420417374528

4113 Mgcat the Protected (level 10, -19/89 HPs)
             Began as an Armataur Fighter on Mar 17, 2023.
             Was a Follower of Makhleb.
             Killed from afar by an acid dragon (25 damage)
             ... with a splash of acid
             ... on level 9 of the Dungeon on Apr 5, 2023.
             The game lasted 00:12:48 (8827 turns).

Mgcat the Protected (Armataur Fighter)              Turns: 8827, Time: 00:12:48

Health: -19/89     AC:  6    Str: 26    XL:     10   Next: 6%
Magic:  12/12      EV:  7    Int:  9    God:    Makhleb [*.....]
Gold:   364        SH:  5    Dex:  9    Spells: 9/9 levels left

rFire   . . .      SeeInvis .    a - +0 war axe
rCold   . . .      Faith    .    c - +0 buckler
rNeg    . . .      Spirit   .    b - +0 scale mail
rPois   .          Reflect  .    (helmet restricted)
rElec   .          Roll     +    m - +1 cloak
rCorr   .          Clarity  +    (no gloves)
Will    +....                    (no barding) Stlth
                                 (no amulet)
HPRegen 0.34/turn                (no ring)
MPRegen 0.13/turn                (no ring)

@: corroded
A: large, rugged brown scales 3, deformed body, armoured tail, roll, long
tongue, awkward tongue, antennae 1, clarity, strong-willed 1
a: Renounce Religion


You were on level 9 of the Dungeon.
You worshipped Makhleb.
Makhleb was aware of your devotion.
You visited 2 branches of the dungeon, and saw 10 of its levels.

You collected 413 gold pieces.
You spent 49 gold pieces at shops.

Inventory:

Hand Weapons
 a - a +0 war axe (weapon)
 r - a +1 whip of freezing
   (You found it on level 4 of the Dungeon)
Missiles
 i - a curare-tipped dart
 o - 2 throwing nets {=f, !d}
Armour
 b - a +0 scale mail (worn)
 c - a +0 buckler (worn)
 f - a +1 helmet
   (You found it on level 4 of the Dungeon)
 m - a +1 cloak (worn)
   (You bought it in a shop on level 2 of the Dungeon)
Wands
 d - a wand of iceblast (7)
   (You found it on level 4 of the Dungeon)
 u - a wand of flame (34)
   (You found it on level 5 of the Dungeon)
Scrolls
 j - 2 scrolls of immolation {unknown}
 k - 2 scrolls of amnesia
 l - a scroll of magic mapping {unknown}
 p - 4 scrolls of teleportation
Potions
 e - a potion of lignification {unknown}
 g - 2 potions of attraction {!q}
 h - 3 potions of brilliance
 n - a potion of cancellation {unknown}
 q - a potion of might
 t - a potion of flight {unknown}
 v - a potion of ambrosia


   Skills:
 + Level 6.3 Fighting
 * Level 7.6 Axes
 + Level 8.4 Armour
 + Level 7.7 Shields
 + Level 3.4 Invocations


You had 9 spell levels left.
You didn't know any spells.
Your spell library contained the following spells:

 Spells                   Type           Power      Damage    Failure   Level
 Sting                    Tmut/Pois      0%         1d3       69%         1
 Poisonous Vapours        Pois/Air       0%         N/A       83%         2
 Summon Guardian Golem    Hex/Summ       0%         N/A       96%         3
 Olgreb's Toxic Radiance  Pois           0%         N/A       100%        4
 Orb of Destruction       Conj           0%         9d5       100%        7
 Spellforged Servitor     Conj/Summ      0%         N/A       100%        7


Dungeon Overview and Level Annotations

Branches:
Dungeon (9/15)             Temple (1/1) D:4            Lair (0/5) D:8
    Orc: D:9-12

Altars:
Ashenzari
Cheibriados
Dithmenos
Elyvilon
Fedhas
Gozag
Hepliaklqana
Kikubaaqudgha
Makhleb
Nemelex Xobeh
Okawaru
Qazlal
Ru
Sif Muna
Trog
Uskayaw
Xom
Yredelemnul
Zin

Shops:
D:2 [

Annotations:
D:6 2 transporters, Dirian's ghost, novice MiMo


Innate Abilities, Weirdness & Mutations

You are completely covered in rugged brown scales. (AC +3, +7% HP)
Armour fits poorly on your strangely shaped body.
You have a long armoured tail.
You roll when moving toward enemies. (Rampage)
Your long tongue fully drains potion bottles. (2x potion effects)
Your tongue gives you trouble enunciating. (1.5x scroll delay)
You have a pair of small antennae on your head.
You possess an exceptional clarity of mind.
You are strong-willed. (Will+)


Message History

You kill the kobold!
Makhleb accepts your kill.
No target in view!
No target in view!
q - a potion of might
Things that are here:
a +2 whip of flaming; a kobold corpse You see here a +2 ring mail of fire resistance.
You see here a +0 club.
Items here: )) [[.
Done exploring.
Done exploring.
Done exploring.
Done exploring.
Search for what [Enter for "."]? axe Unknown command.
Unknown command.
Unknown command.
(D) Dungeon (T) Temple (L) Lair
Where to? (Enter - D:8, ? - help)
What level of the Dungeon? (default 1, ? - help)
Items here: )) [[.
There is a stone staircase leading down here.
You climb downwards.
There is a stone staircase leading up here.
You now have 349 gold pieces (gained 11).
You open the door.
There is an open door here.
Found an escape hatch in the floor.
You now have 364 gold pieces (gained 15).
A centaur comes into view.
Found a stone staircase leading down.
The centaur wields a +0 shortbow.
The centaur shoots an arrow.
The arrow hits you but does no damage.
Spoiler Alert: The centaur is fast and can hit for moderate damage at range!
An acid dragon comes into view.
The centaur shoots an arrow.
You block the arrow.
The centaur shoots an arrow.
The arrow hits you but does no damage.
The centaur shoots an arrow.
The arrow hits you.
You take 1 damage, and have 88/89 hp.
The centaur shoots an arrow.
The arrow hits you. The acid dragon spits acid at you.
The splash of acid hits you!! The acid corrodes you!
You take 27 damage, and have 61/89 hp.
MASSIVE DAMAGE!!
Spoiler Alert: The centaur is fast and can hit for moderate damage at range!
You are too injured to fight recklessly!
You are too injured to fight recklessly!
The centaur shoots an arrow.
The arrow hits you.
You take 3 damage, and have 58/89 hp.
You slash the acid dragon!
The acid dragon is moderately wounded.
The centaur shoots an arrow.
The arrow hits you. The acid dragon completely misses you.
You block the acid dragon's attack.
You take 5 damage, and have 53/89 hp.
Spoiler Alert: The centaur is fast and can hit for moderate damage at range!
The acid dragon spits acid at you. The splash of acid hits you!
You take 16 damage, and have 37/89 hp.
You hit the acid dragon but do no damage.
You tail-slap the acid dragon!
The acid dragon is severely wounded.
The acid dragon bites you. The acid dragon claws you.
You take 7 damage, and have 30/89 hp.
Spoiler Alert: The centaur is fast and can hit for moderate damage at range!
You hit the acid dragon.
Your tail-slap misses the acid dragon.
The acid dragon is severely wounded.
The acid dragon barely misses you.
The acid dragon claws you but does no damage.
You hit the acid dragon but do no damage.
The acid dragon is severely wounded.
You slash the centaur! The acid dragon bites you.
* * * LOW HITPOINT WARNING * * *
The acid dragon claws you but does no damage.
The centaur unwields a +0 shortbow.
The centaur completely misses you. You block the centaur's attack.
You take 5 damage, and have 26/89 hp.
Spoiler Alert: The centaur is fast and can hit for moderate damage at range!
You hit the centaur but do no damage.
The centaur is moderately wounded.
You barely miss the acid dragon. The centaur hits you.
* * * LOW HITPOINT WARNING * * *
The centaur kicks you but does no damage.
You block the acid dragon's attack. x2; The centaur hits you.
* * * LOW HITPOINT WARNING * * *
The centaur kicks you.
* * * LOW HITPOINT WARNING * * *
You take 9 damage, and have 17/89 hp.
Spoiler Alert: The centaur is fast and can hit for moderate damage at range!
You hit the centaur but do no damage.
You tail-slap the centaur, but do no damage.
The centaur is moderately wounded.
You hit the acid dragon. The centaur hits you.
* * * LOW HITPOINT WARNING * * *
The centaur barely misses you. The acid dragon bites you.
* * * LOW HITPOINT WARNING * * *
The acid dragon claws you.
* * * LOW HITPOINT WARNING * * *
The centaur closely misses you. You block the centaur's attack.
The acid dragon spits acid at you. The splash of acid hits you!!
You die...

#### #..########## #
#########...........#
#
....................#
# #.................#
# #....@..$.........#
#
#....Dc...........####
###...................
#...................
#>......###########.
#.......#.........#.
#.......#..<......+.
#.......#.........#.
#.......+......####.


You could see an acid dragon (catching breath) and a centaur.

Vanquished Creatures
  A two-headed ogre (D:8)
  A kobold demonologist (D:8)
  Prince Ribbit (D:5)
  3 wyverns
  3 wargs (D:8)
  A water moccasin (D:6)
  2 sky beasts (D:7)
  An ice beast (D:6)
  A black bear (D:4)
  An ogre (D:4)
  A lemure (D:4)
  2 centaurs (D:7)
  2 phantoms (D:5)
  2 kobold brigands (D:7)
  2 bullfrogs
  4 scorpions
  7 hounds
  A gnoll bouda (D:8)
  5 orc priests
  4 iguanas
  5 orc wizards
  Ijyb (D:5)
  8 gnolls
  7 adders
  A shadow imp (D:6)
  4 white imps
  An ufetubus (D:4)
  A worm (D:2)
  3 dart slugs
  21 orcs
  5 endoplasms
  2 giant cockroaches
  5 goblins
  7 hobgoblins
  14 kobolds
  6 quokkas
  4 ball pythons
  3 bats
  3 frilled lizards
  2 rats
148 creatures vanquished.

Vanquished Creatures (others)
  Pikel (D:4)
  A plant (D:7)
2 creatures vanquished.

Grand Total: 150 creatures vanquished

Notes
Turn   | Place    | Note
-------+----------+-------------------------------------------
     0 | D:1      | Mgcat the Armataur Fighter began the quest for the Orb.
     0 | D:1      | Reached XP level 1. HP: 19/19 MP: 1/1
   169 | D:1      | Reached XP level 2. HP: 26/26 MP: 2/2
   304 | D:1      | Reached skill level 2 in Axes
   567 | D:2      | Found Defei's Armour Emporium.
   574 | D:2      | Bought a +0 cloak for 49 gold pieces
   749 | D:2      | Reached skill level 4 in Armour
   749 | D:2      | Reached XP level 3. HP: 22/32 MP: 3/3
   840 | D:2      | Reached skill level 3 in Fighting
  1281 | D:3      | Found a stormy altar of Qazlal.
  1288 | D:3      | Identified the +8 trident of Righteous Fury {venom, rF+
                  | Int+4}
  1521 | D:3      | Reached XP level 4. HP: 40/40 MP: 4/4
  2020 | D:4      | Found a staircase to the Ecumenical Temple.
  2030 | D:3      | Reached skill level 4 in Shields
  2160 | Temple   | Entered the Ecumenical Temple
  2505 | D:4      | Noticed a scorpion
  2509 | D:4      | Killed a scorpion
  2510 | D:4      | Reached skill level 3 in Axes
  2510 | D:4      | Reached XP level 5. HP: 48/48 MP: 5/5
  2748 | D:4      | Reached XP level 6. HP: 26/55 MP: 6/6
  3002 | D:4      | Reached skill level 5 in Armour
  3290 | D:4      | Found a hide-covered altar of Uskayaw.
  3304 | D:4      | Reached skill level 4 in Fighting
  3304 | D:4      | Reached skill level 4 in Axes
  3496 | D:5      | Entered Level 5 of the Dungeon
  3515 | D:4      | Reached XP level 7. HP: 53/63 MP: 7/7
  3616 | D:4      | HP: 12/63 [ogre/+0 giant club (14)]
  3618 | D:4      | Reached skill level 5 in Shields
  3924 | D:5      | Noticed Pikel
  4088 | D:4      | Upgraded the game from 0.30-a0-782-ge64f9170bb to
                  | 0.30-a0-1006-g5d778dfbfc
  4106 | D:4      | Killed Pikel
  4191 | D:5      | Found a bloodstained altar of Trog.
  4460 | D:5      | Reached skill level 6 in Armour
  4833 | D:5      | Noticed Ijyb
  4851 | D:5      | Killed Ijyb
  4859 | D:5      | Reached skill level 5 in Axes
  4950 | D:5      | Reached XP level 8. HP: 70/71 MP: 8/8
  5111 | D:5      | Noticed Prince Ribbit
  5137 | D:5      | HP: 11/71 [Prince Ribbit (12)]
  5138 | D:5      | Killed Prince Ribbit
  5753 | D:6      | Reached skill level 5 in Fighting
  5753 | D:6      | Reached skill level 6 in Shields
  5865 | D:6      | Noticed Dirian's ghost (novice MiMo)
  5902 | D:6      | Reached skill level 6 in Axes
  6076 | D:6      | Found a broken altar of Ashenzari.
  6122 | D:6      | Found a transporter.
  6122 | D:6      | Found a transporter.
  6171 | D:6      | Found a shadowy altar of Dithmenos.
  6231 | D:6      | Found a blossoming altar of Fedhas.
  6254 | D:6      | Found a burning altar of Makhleb.
  6254 | D:6      | Noticed a cacodemon
  6259 | D:6      | Became a worshipper of Makhleb the Destroyer
  6281 | D:6      | Reached skill level 7 in Armour
  6687 | D:7      | Reached XP level 9. HP: 55/79 MP: 9/9
  6850 | D:7      | Reached skill level 1 in Invocations
  6892 | D:7      | Reached * piety under Makhleb
  7257 | D:7      | Found an iron altar of Okawaru.
  7729 | D:8      | HP: 17/80 [warg (11)]
  7735 | D:8      | Reached skill level 7 in Shields
  7735 | D:8      | Reached skill level 2 in Invocations
  7737 | D:8      | HP: 17/80 [orc priest/divine providence (16)]
  7750 | D:8      | Reached skill level 7 in Axes
  7782 | D:8      | HP: 15/80 [warg (12)]
  7935 | D:8      | Reached skill level 6 in Fighting
  8002 | D:8      | Found a staircase to the Lair.
  8080 | D:8      | HP: 14/80 [wyvern (14)]
  8085 | D:8      | Reached skill level 8 in Armour
  8290 | D:8      | Found a basalt altar of Yredelemnul.
  8354 | D:8      | Noticed a two-headed ogre
  8355 | D:8      | Noticed a kobold demonologist
  8358 | D:8      | Noticed a hellwing
  8360 | D:8      | Noticed a soul eater
  8568 | D:8      | Noticed a rust devil
  8573 | D:8      | Gained mutation: You are strong-willed. (Will+) [potion of
                  | mutation]
  8573 | D:8      | Gained mutation: You possess an exceptional clarity of
                  | mind. [potion of mutation]
  8573 | D:8      | Gained mutation: You have a pair of small antennae on your
                  | head. [potion of mutation]
  8579 | D:8      | Killed a kobold demonologist
  8580 | D:8      | Reached skill level 3 in Invocations
  8641 | D:8      | Killed a two-headed ogre
  8642 | D:8      | Reached XP level 10. HP: 89/89 MP: 12/12
  8826 | D:9      | HP: 20/89 [centaur (6)]
  8827 | D:9      | HP: 6/89 [acid dragon (5)]
  8827 | D:9      | Killed from afar by an acid dragon

Illustrated notes

Levels and vault maps discovered:
D:1:      lightli_arrival_windingriver, layout_basic, st_stairs_7,
          kennysheep_nondescript
D:2:      layout_loops_cross, serial_shops, nicolae_shop_crystal
D:3:      layout_basic, nicolae_qazlal_scattered_showers
D:4:      layout_basic, nicolae_uskayaw_murder_on_the_dancefloor,
          minmay_temple_entry_trees
D:5:      layout_layer_cave, mainiacjoe_overflow_brackets, uniq_prince_ribbit1,
          uniq_ijyb, uniq_pikel
D:6:      layout_basic, makhleb_altar_promises_db,
          mainiacjoe_overflow_tiny_flanked, fedhas_altar_1,
          grunt_dithmenos_shadows, gammafunk_ghost_smash
D:7:      layout_loops_ring, hellmonk_okawaru_the_only_friend_you_need,
          serial_bayou_crossing
D:8:      layout_rooms, mainiacjoe_overflow_boulevard,
          erik_lair_orcish_takeover, minmay_statues_item
D:9:      layout_irregular_city, mainiacjoe_overflow_paths,
          nicolae_vehumet_altar_sigil, amcnicky_altar_gilded
Temple:   dpeg_chambers_temple

Skill      XL: |  1  2  3  4  5  6  7  8  9 |
---------------+----------------------------+-----
Axes           | 2 3 4 5 6 7 |  7.6
Armour         | 4 5 6 7 8 |  8.4
Fighting       | 3 4 5 6 |  6.3
Shields        | 4 5 6 7 |  7.7
Invocations    | 3 |  3.4

Action                     |  1- 3 |  4- 6 |  7- 9 | 10-12 || total
---------------------------+-------+-------+-------+-------++-------
  Melee: War axe           |   112 |   103 |   405 |     7 ||   627
         Tailslap          |    12 |    14 |    57 |     2 ||    85
  Evoke: Wand              |       |       |     4 |       ||     4
    Use: Potion            |       |     4 |     8 |       ||    12
         Scroll            |       |     4 |     6 |     1 ||    11
 Armour: Scale mail        |    59 |    68 |   250 |     5 ||   382
  Dodge: Dodged            |    46 |    51 |   130 |     5 ||   232
  Block: Buckler           |    17 |    28 |    87 |     6 ||   138

Table legend: (Time is in decaauts)
 A = Elapsed time spent in this place.
 B = Non-inter-level travel time spent in this place.
 C = Inter-level travel time spent in this place.
 D = Time resting spent in this place.
 E = Time spent auto-exploring this place.
 F = Levels seen in this place.
 G = Mean time per level.
                   A        B        C        D        E       F      G
               +--------+--------+--------+--------+--------+-----+--------+
         Total |   9025 |   8687 |    338 |   1942 |   5359 |  10 |  902.5 |
       Dungeon |   8764 |   8446 |    318 |   1942 |   5128 |   9 |  973.8 |
        Temple |    260 |    240 |     20 |      0 |    231 |   1 |  260.0 |
               +--------+--------+--------+--------+--------+-----+--------+

Top non-repeatable levels by time:
     D:4: 1790 daAuts
     D:7: 1357 daAuts
     D:5: 1335 daAuts
     D:8: 1067 daAuts
     D:3: 938 daAuts
     D:6: 849 daAuts
     D:2: 800 daAuts
     D:1: 578 daAuts
  Temple: 260 daAuts
     D:9: 46 daAuts

Table legend:
 A = Kills in this place as a percentage of kills in the entire game.
 B = Kills by you in this place as a percentage of kills by you in the entire game.
 C = Kills by friends in this place as a percentage of kills by friends in the entire game.
 D = Other kills in this place as a percentage of other kills in the entire game.
 E = Experience gained in this place as a percentage of experience gained in the entire game.
 F = Experience gained in this place divided by the number of levels of this place that you have seen.
                   A       B       C       D       E      F
               +-------+-------+-------+-------+-------+----------------------
         Total | 100.0 | 100.0 |   N/A | 100.0 | 100.0 | 587.7
       Dungeon | 100.0 | 100.0 |   N/A | 100.0 | 100.0 | 653.0
               +-------+-------+-------+-------+-------+----------------------
